 Dungeon Crawl Stone Soup version 0.26.1-11-gd32895ea62 (webtiles) character file.

Game seed: 4141009503383177717

356 ChiliTurd the Cudgeller (level 6, -3/37 HPs)
             Began as a Gargoyle Berserker on July 14, 2021.
             Was a Believer of Trog.
             Killed by divine providence
             ... invoked by an orc priest
              (10 damage)
             ... on level 5 of the Dungeon.
             The game lasted 00:43:37 (4623 turns).

ChiliTurd the Cudgeller (Gargoyle Berserker)        Turns: 4623, Time: 00:43:37

Health: -3/37      AC:  6    Str: 29    XL:     6   Next: 63%
Magic:  0/6        EV: 12    Int:  7    God:    Trog [**....]
Gold:   252        SH:  0    Dex:  9    Spells: 5/5 levels left

rFire    . . .     SeeInvis .   h - +4 whip
rCold    . . .     Faith    .   (no shield)
rNeg     + . .     Spirit   +   b - +0 animal skin
rPois    ∞         Reflect  .   (no helmet)
rElec    +         Harm     .   (no cloak)
rCorr    .         Rampage  .   (no gloves)
Will     .....                  (no boots)
Stlth    +.........             n - amulet of guardian spirit
HPRegen  0.12/turn              w - +6 ring of strength
MPRegen  0.10/turn              (no ring)

@: berserk cooldown, slowed, very slow
A: negative energy resistance 1, electricity resistance, unbreathing,
petrification resistance, miasma immunity, AC +4
a: Renounce Religion, Berserk, Trog's Hand


You were on level 5 of the Dungeon.
You worshipped Trog.
Trog was pleased with you.
You visited 1 branch of the dungeon, and saw 5 of its levels.

You collected 252 gold pieces.

Inventory:

Hand Weapons
 h - a +4 whip (weapon)
 C - a +4 quarterstaff of chaos
Missiles
 F - 3 javelins (quivered)
Armour
 b - a +0 animal skin (worn)
 k - a +0 ring mail
 p - a +0 pair of gloves
 q - a +0 chain mail
 z - a +0 pair of gloves
 B - a +0 cloak
Jewellery
 n - an amulet of guardian spirit (around neck)
 w - a +6 ring of strength (left hand)
 x - an uncursed ring of stealth {unknown}
Wands
 o - a wand of paralysis (8)
 A - a wand of polymorph (5)
Scrolls
 c - a scroll of immolation
 e - a scroll of blinking {unknown}
 f - a scroll of teleportation {unknown}
 i - a scroll of noise {unknown}
 l - 3 scrolls of remove curse
 s - a scroll of enchant weapon {unknown}
 t - a scroll of fear {unknown}
 u - a scroll of identify
 v - a scroll of magic mapping
 y - a scroll of fog {unknown}
Potions
 a - 2 potions of mutation {unknown}
 d - 4 potions of curing {unknown}
 g - a potion of cancellation {unknown}
 m - a potion of might {unknown}
 r - a potion of degeneration {unknown}
 E - a potion of haste {unknown}


   Skills:
 - Level 3.2 Fighting
 + Level 7.2 Maces & Flails
 - Level 2.1 Armour
 - Level 1.5 Dodging


You had 5 spell levels left.
You didn't know any spells.
Your spell library contained the following spells:

 Spells                   Type           Power        Failure   Level
 Leda's Liquefaction      Hex/Erth       0%           99%         4
 Bolt of Magma            Conj/Fire/Erth 0%           100%        5
 Iron Shot                Conj/Erth      0%           100%        6
 Shatter                  Erth           0%           100%        9
 Statue Form              Tmut/Erth      Unusable     N/A         6

Dungeon Overview and Level Annotations

Branches:
Dungeon (5/15)
 Temple: D:4-7

Altars:
Ashenzari
Sif Muna
The Shining One


Innate Abilities, Weirdness & Mutations

You are resistant to torment.
Your stone body is resilient. (AC +4)
You are immune to poison.
You resist negative energy. (rN+)
You are resistant to electric shocks. (rElec)
You can survive without breathing.
You are immune to petrification.
You are immune to miasma.


Message History

The orc misses you. The orc priest hits you. The orc closely misses you.
You barely miss the orc priest.
The orc priest is heavily wounded.
The orc hits you.
The orc priest calls down the wrath of Beogh upon you.
You barely resist.
The orc priest mumbles some strange prayers to Beogh against you.
Beogh smites you!
* * * LOW HITPOINT WARNING * * *
The orc misses you. The orc hits you but does no damage.
Things that are here:
a +0 flail; a +0 chain mail; an orc corpse The orc hits you but does no damage. x2
Things that are here:
a +0 whip; a +0 leather armour; an orc corpse The orc closely misses you.
Items here: ( )) [.
The orc priest mumbles some strange prayers to Beogh against you.
Beogh smites you!
You die...

#........ #........
#........ #........
#........ #........ #####
#........
##...#############oo......
.+..............@o).......
.#...#############........
.#...# #........ .#...#
#........ .#...# #........
...### #........ ...#
#........ . ...# #........
.$ ...# #############
#####.#


You could see an orc priest and 2 orcs.

Vanquished Creatures
  2 centaurs
  Crazy Yiuf (D:3)
  Jessica (D:3)
  A hound skeleton (D:5)
  4 adders
  2 worms
  3 dart slugs (D:1)
  4 leopard geckos
  4 orcs
  4 bats
  3 giant cockroaches (D:1)
  9 goblins
  7 hobgoblins
  8 jackals
  5 kobolds
  A quokka (D:2)
  2 ball pythons
  6 frilled lizards (D:1)
  5 rats
72 creatures vanquished.

Notes
Turn   | Place    | Note
-------+----------+-------------------------------------------
     0 | D:1      | ChiliTurd the Gargoyle Berserker began the quest for the
                  | Orb.
     0 | D:1      | Reached XP level 1. HP: 14/14 MP: 1/1
   175 | D:1      | Reached XP level 2. HP: 13/19 MP: 2/2
   558 | D:1      | Reached skill level 4 in Maces & Flails
   560 | D:1      | Reached XP level 3. HP: 21/23 MP: 3/3
   672 | D:1      | Reached ** piety under Trog
  1337 | D:2      | Reached XP level 4. HP: 26/28 MP: 4/4
  1350 | D:2      | Found a broken altar of Ashenzari.
  1524 | D:2      | Found a faded altar of an unknown god.
  1919 | D:2      | Found a shimmering blue altar of Sif Muna.
  1968 | D:2      | Reached skill level 5 in Maces & Flails
  2151 | D:3      | Found a glowing golden altar of the Shining One.
  2332 | D:3      | Noticed a centaur
  2340 | D:3      | Killed a centaur
  2341 | D:3      | Reached skill level 6 in Maces & Flails
  2341 | D:3      | Reached XP level 5. HP: 3/32 MP: 5/5
  2712 | D:3      | Noticed Jessica
  2715 | D:3      | Killed Jessica
  3155 | D:3      | Found a runed translucent door.
  3156 | D:3      | Noticed Crazy Yiuf
  3164 | D:3      | Killed Crazy Yiuf
  3165 | D:3      | Reached XP level 6. HP: 37/37 MP: 6/6
  4277 | D:5      | Entered Level 5 of the Dungeon
  4608 | D:5      | Reached skill level 7 in Maces & Flails
  4623 | D:5      | Killed from afar by an orc priest

Illustrated notes

Levels and vault maps discovered:
D:1:      dpeg_arrival_tiny_k, layout_basic, hex_large, st_stairs_11
D:2:      layout_loops_cross, lemuel_blue_sif_altar,
          chequers_ecumenical_altar_simple_redux, nicolae_ashenzari_panopticon
D:3:      layout_loops_ring, old_standard_altar, uniq_jessica,
          uniq_crazy_yiuf_cottage
D:4:      layout_loops_corners
D:5:      layout_basic, nicolae_overflow_crystal_walls, solitary_fountain,
          kennysheep_small_square

Skill      XL: |  1  2  3  4  5  6 |
---------------+-------------------+-----
Maces & Flails | 4 6 7 |  7.2
Fighting       | |  3.2
Armour         | |  2.1
Dodging        | |  1.5

Action                   |  1- 3 |  4- 6 || total
-------------------------+-------+-------++-------
Melee: Mace              |   109 |       ||   109
       Whip              |    23 |   111 ||   134
Invok: Berserk           |       |     1 ||     1
  Use: Scroll            |     2 |     4 ||     6
Armor: Animal skin       |    57 |    26 ||    83
Dodge: Dodged            |    95 |    62 ||   157
